Map: Cyber Forest LE

Players

SortOf - Winner!

  • Race: Zerg Zerg
  • Spawn Location: 11:00

Creed

  • Race: Terran Terran
  • Spawn Location: 5:00

Event: 2019 WCS Spring

VOD

Have the link to the VOD?

Description

Time

  • Played on: May 17, 2019, 7:39 a.m.
  • Length: 12:21

All games in this series

Show
View Real Time Build Order
Export as new Build Order

SortOf Zerg - Winner!

Build Orders: Hatch First 

Get SALT Encoding   

  12  0:01  Drone  
  13  0:13  Overlord  
  13  0:18  Drone  
  14  0:31  Drone x2  
  16  0:50  Hatchery  
  16  0:52  Drone  
  16  0:56  Drone  
  17  0:59  Drone  
  18  1:10  Extractor  
  17  1:15  Spawning Pool  
  17  1:17  Drone  
  17  1:20  Drone  
  18  1:28  Drone  
  20  1:40  Drone  
  20  1:52  Overlord  
  20  2:01  Queen x2  
  20  2:02  Zergling x2  
  20  2:03  Zergling x2  
  26  2:11  Drone  
  27  2:20  Hatchery  
  26  2:24  Drone  
  27  2:30  Drone  
  27  2:32  Drone  
  29  2:38  Drone  
  29  2:40  Drone  
  31  2:44  Metabolic Boost  
  31  2:46  Queen  
  33  2:52  Overlord  
  33  2:55  Drone  
  34  2:59  Drone  
  34  3:04  Drone  
  36  3:05  Overlord  
  36  3:13  Drone x4  
  36  3:18  Queen  
  42  3:24  Overlord  
  42  3:27  Drone x2  
  42  3:33  Drone  
  45  3:35  Queen  
  45  3:38  Drone  
  48  3:42  Drone x2  
  48  3:45  Drone x3  
  53  3:51  Overlord  
  53  3:53  Lair  
  53  3:59  Drone x3  
  53  4:01  Overlord  
  56  4:04  Drone  
  57  4:10  Zergling x4, Baneling Nest  
  57  4:15  Drone x3  
  61  4:19  Queen  
  61  4:20  Extractor  
  61  4:21  Drone  
  61  4:23  Drone x2  
  65  4:28  Zergling x6  
  65  4:31  Spore Crawler x2  
  67  4:34  Spore Crawler  
  67  4:35  Drone  
  67  4:36  Drone  
  67  4:39  Drone  
  67  4:40  Drone x2  
  67  4:44  Drone x2  
  72  4:50  Extractor  
  72  4:52  Overseer, Drone, Extractor  
  71  4:55  Drone x5  
  71  4:59  Queen  
  78  5:01  Drone x2  
  78  5:04  Zergling x2  
  78  5:05  Zergling x2  
  78  5:06  Overlord  
  82  5:11  Overlord  
  82  5:16  Centrifical Hooks  
  82  5:17  Evolution Chamber  
  82  5:19  Drone  
  82  5:22  Overlord  
  82  5:23  Evolution Chamber, Overlord  
  82  5:24  Drone x2  
  82  5:26  Drone x2  
  82  5:28  Baneling x4  
  83  5:32  Pneumatized Carapace  
  83  5:33  Queen  
  85  5:40  Zergling x2  
  85  5:42  Baneling x3  
  86  5:43  Zergling x4  
  86  5:52  Zergling x6  
  86  5:54  Drone  
  86  5:55  Drone  
  84  6:00  Drone  
  84  6:01  Drone x3  
  84  6:02  Drone  
  84  6:03  Drone x2  
  84  6:04  Drone x2  
  88  6:08  Zerg Ground Armor Level 1  
  88  6:12  Hydralisk Den  
  88  6:13  Zerg Melee Weapons Level 1  
  87  6:19  Extractor  
  87  6:20  Queen, Extractor  
  87  6:25  Baneling x3  
  87  6:26  Zergling x10  
  92  6:37  Hatchery, Overlord  
  91  6:41  Drone x2  
  91  6:44  Hydralisk x2, Muscular Augments  
  97  6:50  Queen  
  99  6:54  Hydralisk x3  
  99  6:58  Overlord  
  99  7:00  Hydralisk x2  
  109  7:07  Spore Crawler  
  108  7:09  Drone  
  108  7:10  Drone x4  
  108  7:12  Drone x2  
  108  7:14  Overlord, Extractor  
  114  7:16  Extractor  
  114  7:19  Drone x2  
  114  7:20  Hydralisk  
  114  7:22  Overlord  
  117  7:33  Hydralisk  
  117  7:34  Hydralisk x2, Infestation Pit  
  117  7:36  Baneling x2  
  122  7:37  Overlord  
  122  7:40  Zergling x6  
  125  7:47  Drone  
  125  7:48  Drone x5  
  131  7:56  Grooved Spines  
  128  7:59  Hydralisk x6  
  128  8:02  Zerg Missile Weapons Level 1  
  138  8:08  Drone x3  
  138  8:09  Drone  
  129  8:13  Zergling x10  
  134  8:25  Hive  
  134  8:28  Zergling x14  
  134  8:30  Overlord  
  141  8:39  Spire, Overlord  
  140  8:44  Zergling x12  
  138  8:51  Baneling x4  
  138  8:53  Pathogen Glands  
  138  8:54  Zerg Melee Weapons Level 2  
  138  8:56  Drone x2  
  138  9:01  Overlord  
  138  9:02  Zergling x4, Drone  
  143  9:03  Hatchery  
  138  9:20  Infestor x4  
  138  9:21  Infestor  
  147  9:25  Baneling x2  
  147  9:26  Baneling x5  
  147  9:29  Hydralisk x2, Zergling x6  
  154  9:33  Overlord  
  154  9:34  Drone x3  
  148  9:53  Zergling x10  
  148  9:54  Zergling x10  
  155  10:05  Zergling x18  
  154  10:15  Baneling x8  
  154  10:16  Baneling x3  
  154  10:18  Greater Spire  
  154  10:19  Drone x4  
  158  10:26  Drone x3  
  161  10:32  Hatchery  
  160  10:35  Zergling x2  
  160  10:36  Zergling x14  
  159  10:46  Hydralisk x2, Zergling x2  
  159  10:47  Zergling x4  
  153  11:00  Hydralisk x3, Zergling x12  
  154  11:12  Zergling x14  
  154  11:17  Zergling x2  
  157  11:22  Hydralisk, Zergling x4  
  159  11:30  Hatchery, Hydralisk  
  159  11:31  Hydralisk x4  
  163  11:46  Zergling x4  
  163  11:47  Baneling x31  
  162  11:53  Hatchery  
  161  11:58  Zergling x14  
Show
View Real Time Build Order
Export as new Build Order

Creed Terran 

Build Orders: Reaper Expand, Hellion Banshee 

Get SALT Encoding   

  12  0:00  SCV  
  13  0:12  SCV  
  14  0:17  Supply Depot  
  14  0:24  SCV  
  15  0:39  SCV  
  15  0:40  Barracks  
  16  0:45  Refinery  
  16  0:51  SCV  
  17  1:03  SCV  
  18  1:15  SCV  
  19  1:27  Reaper, Orbital Command  
  20  1:42  Command Center  
  20  1:51  Supply Depot  
  20  1:54  SCV  
  21  1:59  Marine  
  22  2:06  SCV  
  23  2:11  Factory  
  23  2:17  Refinery  
  23  2:21  Barracks Reactor  
  24  2:22  SCV  
  24  2:35  SCV  
  25  2:47  SCV  
  26  2:55  Orbital Command  
  26  2:58  Starport  
  26  3:02  SCV  
  26  3:04  Hellion  
  26  3:05  Hellion  
  31  3:07  Barracks Tech Lab  
  31  3:14  SCV  
  32  3:20  Supply Depot  
  32  3:25  SCV  
  32  3:26  Hellion x2, SCV  
  38  3:40  SCV x2  
  38  3:41  Cloaking Field  
  40  3:42  Banshee  
  40  3:43  Supply Depot  
  43  3:50  Hellion  
  43  3:51  Hellion  
  43  3:52  SCV  
  43  3:53  SCV  
  49  4:02  Armory  
  49  4:05  SCV x2  
  49  4:08  Supply Depot  
  51  4:22  Command Center  
  51  4:23  SCV x2  
  53  4:28  Banshee  
  56  4:35  SCV  
  56  4:37  Hellion x2  
  61  4:41  SCV  
  62  4:47  SCV, Supply Depot  
  63  4:58  Factory x2, Refinery  
  63  5:01  Refinery  
  63  5:03  SCV x2  
  63  5:06  Hellion  
  67  5:10  Hellion  
  69  5:19  Banshee  
  72  5:23  SCV x2  
  72  5:24  Barracks Tech Lab  
  72  5:27  Supply Depot x2  
  74  5:34  Orbital Command  
  74  5:48  Hellion x2  
  79  5:50  SCV x2  
  79  5:55  Orbital Command  
  75  6:02  SCV x2  
  69  6:06  Terran Vehicle And Ship Armor Level 1  
  62  6:12  Hellion x2, Mag-Field Accelerator, Infernal Pre-Igniter  
  62  6:13  Supply Depot  
  62  6:14  SCV  
  62  6:15  Cyclone  
  62  6:17  Cyclone  
  62  6:18  SCV  
  74  6:21  SCV  
  75  6:26  SCV  
  75  6:29  Viking  
  75  6:30  SCV  
  79  6:33  SCV  
  79  6:36  Hellion  
  79  6:38  SCV  
  83  6:41  Hellion  
  83  6:42  SCV  
  83  6:45  SCV  
  83  6:46  Supply Depot  
  87  6:48  Supply Depot  
  87  6:50  SCV  
  88  6:54  SCV  
  88  6:58  SCV  
  88  6:59  Hellion, Cyclone x2  
  98  7:02  SCV  
  98  7:03  Refinery  
  98  7:04  Refinery  
  99  7:13  Hellion  
  101  7:16  SCV x3  
  101  7:20  Engineering Bay  
  101  7:22  Starport Reactor  
  104  7:24  Factory x2  
  104  7:28  SCV x3  
  109  7:30  Hellion  
  109  7:31  Cyclone  
  109  7:37  Command Center  
  112  7:45  SCV  
  112  7:46  SCV x2  
  112  7:48  Hellion, Cyclone  
  120  8:03  Cyclone  
  120  8:04  Hellion, Liberator  
  120  8:05  Liberator  
  125  8:09  SCV x2  
  125  8:11  Hellion  
  125  8:12  SCV  
  112  8:20  Cyclone  
  112  8:21  Factory Tech Lab x2, SCV  
  112  8:23  SCV  
  112  8:24  SCV  
  124  8:29  Supply Depot, Terran Vehicle And Ship Armor Level 2  
  124  8:30  Supply Depot  
  124  8:31  Armory  
  128  8:34  Hellion x2  
  128  8:37  SCV x2  
  130  8:46  Cyclone  
  139  8:48  Cyclone x2  
  139  8:50  Sensor Tower  
  139  8:51  Supply Depot  
  139  9:05  Hellion x2, Cyclone  
  144  9:18  Hellion  
  144  9:20  Hellion  
  144  9:21  Cyclone  
  146  9:24  SCV x2  
  146  9:25  SCV  
  146  9:26  Hellion  
  146  9:27  Hellion  
  146  9:28  Terran Vehicle Weapons Level 1  
  153  9:33  Liberator  
  153  9:37  Cyclone  
  156  9:44  Refinery  
  156  9:45  Cyclone x2  
  156  9:47  Refinery  
  156  9:50  Hellion x2  
  153  10:04  SCV x3  
  125  10:07  Hellion  
  125  10:08  Planetary Fortress  
  125  10:09  Hellion  
  127  10:16  Hellion  
  127  10:17  Hellion  
  128  10:22  Cyclone  
  128  10:27  Starport  
  131  10:29  SCV x3  
  131  10:30  Factory  
  131  10:31  Cyclone  
  137  10:39  Hellion x2  
  137  10:41  Cyclone  
  141  10:46  Cyclone  
  133  11:05  Hellion  
  133  11:08  SCV x2  
  133  11:09  Cyclone x2  
  133  11:10  Hellion  
  114  11:15  Cyclone  
  112  11:18  Cyclone  
  112  11:20  SCV  
  112  11:25  Factory Reactor  
  98  11:27  SCV  
  98  11:30  Hellion  
  98  11:32  SCV  
  90  11:37  Hellion  
  90  11:39  SCV  
  93  11:45  Siege Tank x2  
  80  11:47  Cyclone  
  80  11:49  SCV  
  80  11:51  Refinery  
  84  11:57  Hellion  
  84  11:58  SCV  
  84  12:01  SCV  
Tags
 
Add a new tag
Caveats
  • Supply blocks, unpowered buildings, or Contaminate may cause inaccurate times.
  • Supply counts are checked every 10 seconds.